Map: Ephemeron LE

Players

Geralt (Gerald)

  • Race: Protoss Protoss
  • League: Grandmaster
  • Spawn Location: 5:00

Neeblet (Neeb) - Winner!

  • Race: Protoss Protoss
  • Spawn Location: 11:00

VOD

Have the link to the VOD?

Description

Time

  • Played on: Jan. 13, 2020, 3:13 p.m.
  • Length: 10:47
Show
View Real Time Build Order
Export as new Build Order

Geralt Protoss 

Build Orders: Blink Stalkers 

Get SALT Encoding   

  12  0:01  Probe  
  13  0:13  Probe  
  14  0:17  Pylon  
  14  0:25  Probe (Chrono Boost)  
  15  0:38  Probe (Chrono Boost), Gateway  
  16  0:43  Probe (Chrono Boost)  
  16  0:46  Assimilator  
  17  0:52  Probe (Chrono Boost)  
  17  0:54  Assimilator  
  18  1:04  Probe (Chrono Boost)  
  18  1:08  Gateway  
  19  1:13  Probe (Chrono Boost)  
  20  1:18  Probe  
  21  1:26  Cybernetics Core  
  21  1:30  Probe  
  22  1:35  Pylon  
  22  1:42  Probe  
  23  1:55  Probe  
  24  2:02  Stalker  
  24  2:03  Stalker  
  24  2:07  Probe, Pylon  
  20  2:15  Warp Gate (Chrono Boost)  
  28  2:19  Probe  
  28  2:20  Pylon  
  29  2:32  Adept  
  29  2:33  Adept  
  33  2:40  Probe  
  33  3:01  Nexus  
  33  3:03  Probe  
  34  3:15  Probe, Twilight Council  
  35  3:29  Probe  
  35  3:30  Pylon  
  36  3:36  Forge  
  36  3:41  Probe, Blink (Chrono Boost)  
  37  3:53  Probe  
  38  4:05  Probe  
  38  4:06  Protoss Ground Weapons Level 1 (Chrono Boost)  
  39  4:14  Probe  
  40  4:17  Probe  
  39  4:26  Probe, Pylon  
  39  4:28  Gateway  
  39  4:29  Probe  
  39  4:30  Sentry  
  41  4:31  Sentry  
  43  4:38  Probe  
  43  4:41  Probe  
  45  4:46  Gateway  
  45  4:50  Probe  
  46  4:53  Probe  
  46  4:54  Stalker x2  
  51  5:02  Probe  
  51  5:03  Pylon  
  51  5:05  Probe  
  52  5:12  Shield Battery  
  52  5:16  Assimilator  
  52  5:18  Assimilator  
  52  5:19  Stalker x2  
  56  5:26  Probe x2  
  58  5:31  Stalker  
  58  5:42  Probe (Chrono Boost)  
  55  5:43  Probe (Chrono Boost), Stalker  
  55  5:44  Stalker  
  55  5:46  Stalker  
  61  5:54  Probe (Chrono Boost)  
  61  5:57  Gateway  
  63  6:00  Probe (Chrono Boost)  
  63  6:02  Probe (Chrono Boost), Gateway  
  64  6:06  Probe (Chrono Boost)  
  64  6:08  Protoss Ground Weapons Level 2 (Chrono Boost), Probe  
  66  6:18  Probe  
  66  6:20  Pylon  
  66  6:21  Probe  
  62  6:35  Probe  
  62  6:37  Charge  
  62  6:39  Gateway  
  63  6:40  Gateway  
  63  6:44  Robotics Facility  
  63  6:51  Stalker x3  
  69  6:59  Zealot x2  
  73  7:02  Pylon  
  73  7:11  Pylon x2  
  73  7:15  Templar Archives  
  73  7:20  Zealot x2  
  77  7:37  Observer  
  77  7:43  Pylon  
  78  7:49  Zealot x3  
  78  7:50  Zealot  
  78  7:51  Stalker x3  
  92  8:02  Stalker  
  92  8:12  Nexus  
  92  8:14  High Templar  
  92  8:15  High Templar  
  96  8:22  Archon  
  96  8:23  Stalker x3  
  102  8:33  Pylon  
  102  8:50  Warp Prism (Chrono Boost)  
  102  8:51  High Templar  
  102  8:52  High Templar, Zealot x2  
  102  8:55  Pylon  
  112  8:58  Archon  
  112  9:01  Zealot x2  
  116  9:09  High Templar  
  118  9:13  Pylon  
  118  9:15  High Templar, Zealot  
  122  9:17  Observer (Chrono Boost)  
  122  9:18  Pylon  
  122  9:20  Archon  
  123  9:37  Zealot x4  
  130  9:46  High Templar x2, Zealot  
  130  9:51  Archon  
  136  10:03  Zealot x5  
  146  10:08  Zealot  
  146  10:09  Zealot  
  134  10:27  Zealot x7  
  104  10:29  Zealot  
  104  10:31  Probe  
Show
View Real Time Build Order
Export as new Build Order

Neeblet Protoss - Winner!

Build Orders:  

Get SALT Encoding   

  12  0:00  Probe  
  13  0:13  Probe  
  14  0:17  Pylon  
  14  0:25  Probe (Chrono Boost)  
  15  0:37  Probe (Chrono Boost)  
  15  0:38  Gateway  
  16  0:44  Probe (Chrono Boost)  
  16  0:47  Assimilator  
  17  0:51  Probe  
  17  0:55  Assimilator  
  18  1:03  Probe (Chrono Boost)  
  19  1:07  Gateway  
  19  1:12  Probe (Chrono Boost)  
  19  1:17  Probe (Chrono Boost)  
  21  1:27  Cybernetics Core  
  21  1:29  Probe  
  22  1:35  Pylon  
  22  1:41  Probe  
  23  1:54  Probe  
  24  2:03  Stalker (Chrono Boost)  
  24  2:04  Warp Gate  
  24  2:05  Sentry (Chrono Boost)  
  24  2:07  Probe  
  29  2:10  Pylon  
  29  2:30  Probe  
  29  2:31  Stalker (Chrono Boost)  
  29  2:35  Sentry (Chrono Boost)  
  34  2:45  Probe  
  34  2:48  Nexus  
  35  2:57  Probe  
  36  3:05  Robotics Facility  
  37  3:16  Stalker  
  38  3:23  Probe  
  39  3:35  Pylon x2  
  39  3:44  Shield Battery  
  39  3:52  Forge, Warp Prism (Chrono Boost)  
  39  3:53  Probe  
  42  4:04  Sentry  
  42  4:05  Probe, Stalker  
  47  4:10  Probe  
  46  4:18  Probe  
  46  4:22  Probe (Chrono Boost)  
  46  4:23  Protoss Ground Weapons Level 1 (Chrono Boost)  
  47  4:30  Probe (Chrono Boost)  
  48  4:35  Probe (Chrono Boost)  
  50  4:39  Probe (Chrono Boost)  
  50  4:40  Pylon  
  50  4:41  Adept x2  
  50  4:42  Probe (Chrono Boost)  
  50  4:43  Observer  
  50  4:44  Probe  
  56  4:52  Probe  
  58  4:56  Probe  
  59  5:01  Twilight Council  
  59  5:04  Probe  
  60  5:09  Probe (Chrono Boost)  
  60  5:11  Assimilator  
  60  5:12  Assimilator  
  60  5:13  Adept x2  
  65  5:16  Probe (Chrono Boost)  
  67  5:24  Pylon  
  67  5:26  Probe (Chrono Boost)  
  67  5:27  Probe (Chrono Boost)  
  68  5:29  Immortal  
  72  5:40  Probe, Observer  
  72  5:41  Probe  
  66  5:49  Blink, Stalker x2  
  64  5:55  Shield Battery  
  64  5:56  Stalker x2  
  68  5:59  Gateway  
  68  6:02  Gateway  
  68  6:05  Immortal (Chrono Boost)  
  72  6:22  Pylon  
  72  6:27  Protoss Ground Weapons Level 2 (Chrono Boost)  
  72  6:29  Stalker x2  
  80  6:49  Warp Prism  
  80  6:52  Gateway  
  76  6:54  Gateway  
  76  6:57  Gateway, Stalker x2  
  76  6:59  Observer  
  76  7:00  Gateway  
  80  7:04  Stalker  
  80  7:05  Stalker  
  84  7:12  Pylon  
  84  7:22  Stalker x2  
  88  7:34  Stalker x2  
  90  7:46  Pylon  
  90  7:51  Stalker x5  
  98  8:06  Nexus  
  98  8:10  Templar Archives  
  98  8:21  Charge, Pylon  
  98  8:29  Probe x2  
  100  8:39  Zealot x6  
  112  8:43  Probe  
  113  8:52  High Templar  
  113  8:53  High Templar  
  117  8:57  Shield Battery  
  117  8:59  Archon  
  117  9:03  Probe, Shield Battery  
  118  9:15  Pylon  
  118  9:17  Probe x2  
  118  9:18  Probe  
  121  9:29  Probe x2  
  123  9:33  Probe  
  123  9:35  High Templar  
  123  9:36  High Templar x3, Zealot x4  
  140  9:42  Archon x2, Assimilator  
  140  9:43  Assimilator  
  140  9:48  Pylon  
  140  9:50  Pylon  
  140  9:59  Shield Battery  
  140  10:04  Shield Battery  
  140  10:09  High Templar x2, Pylon, Zealot  
  140  10:10  Zealot x3  
  140  10:11  Shield Battery  
  152  10:18  Zealot x2  
  152  10:19  Archon  
  130  10:31  Zealot  
  130  10:32  Zealot x3  
  124  10:46  Photon Cannon  
Tags
 
Add a new tag
Caveats
  • Supply blocks, unpowered buildings, or Contaminate may cause inaccurate times.
  • Supply counts are checked every 10 seconds.